 Dungeon Crawl Stone Soup version 0.32-a0-876-gcfddb08e57 (webtiles) character file.

Game seed: 17479787364767459637

2229 javelincjr the Fighter (level 9, -6/81 HPs)
             Began as a Minotaur Fighter on Apr 1, 2024.
             Was an Elder of Lugonu.
             Killed from afar by Maggie (18 damage)
             ... with a bolt of fire
             ... on level 6 of the Dungeon.
             The game lasted 00:19:07 (6434 turns).

javelincjr the Fighter (Minotaur Fighter)           Turns: 6434, Time: 00:19:07

Health: -6/81      AC: 18    Str: 25    XL:     9   Next: 14%
Magic:  0/10       EV: 10    Int:  5    God:    Lugonu [****..]
Gold:   308        SH:  4    Dex: 10    Spells: 8/8 levels left

rFire   . . .        L - +1 hammer (protect)
rCold   . . .        c - +0 buckler
rNeg    . . .        b - +0 scale mail
rPois   .            (helmet restricted)
rElec   .            N - +2 cloak {rCorr}
rCorr   +            (no gloves)
SInv    .            g - +0 pair of boots
Will    +....        H - amulet of guardian spirit Stlth
                     f - ring of willpower
HPRegen 0.33/turn    (no ring)
MPRegen 0.12/turn

%: guardian spirit
@: under a protective aura
A: horns 2, retaliatory headbutt
a: Renounce Religion, Depart the Abyss, Banish, Corrupt


You were on level 6 of the Dungeon.
You worshipped Lugonu.
Lugonu was greatly pleased with you.
You visited 1 branch of the dungeon, and saw 6 of its levels.

You collected 308 gold pieces.

Inventory:

Hand Weapons
 a - a +0 trident
 h - a +0 war axe
 L - a +1 hammer of protection (weapon)
 M - a +3 quarterstaff of chaos
 O - a +0 hammer of draining
Missiles
 w - 5 boomerangs (quivered)
 y - 8 poisoned darts
 C - a throwing net
Armour
 b - a +0 scale mail (worn)
 c - a +0 buckler (worn)
 g - a +0 pair of boots (worn)
 N - a +2 cloak of preservation (worn)
Jewellery
 f - a ring of willpower (left hand)
 H - an amulet of guardian spirit (around neck)
 I - an amulet of magic regeneration
 P - an amulet of faith
Talismans
 q - a flux talisman
 r - a talisman of death
Wands
 j - a wand of charming (7)
 K - a wand of flame (24)
Scrolls
 e - 4 scrolls of teleportation
 i - a scroll of poison {unknown}
 k - a scroll of enchant weapon {unknown}
 n - a scroll of revelation {unknown}
 o - 2 scrolls of vulnerability {unknown}
 s - 2 scrolls of amnesia {unknown}
 t - a scroll of immolation {unknown}
 v - 2 scrolls of fear {unknown}
 x - a scroll of butterflies {unknown}
 G - a scroll of brand weapon {unknown}
 J - a scroll of blinking {unknown}
Potions
 d - 3 potions of might
 l - a potion of degeneration {unknown}
 m - a potion of magic {unknown}
 p - 4 potions of curing
 u - a potion of attraction {unknown}
 z - a potion of haste {unknown}
 A - 2 potions of cancellation
 D - a potion of resistance {unknown}
 E - a potion of lignification {unknown}
 F - 2 potions of invisibility
Miscellaneous
 B - a phantom mirror


   Skills:
 * Level 8.3 Fighting
 - Level 2.8(3.9) Axes
 - Level 4.1(4.6) Polearms
 - Level 5.0 Armour
 + Level 5.5 Dodging
 - Level 5.0 Shields
 + Level 2.2 Unarmed Combat
 + Level 3.6 Invocations
 * Level 3.8 Shapeshifting


You had 8 spell levels left.
You didn't know any spells.
Your spell library contained the following spells:

 Spells                   Type           Power      Damage    Failure   Level
 Kiss of Death            Conj/Necr      0%         2d5       82%         1
 Necrotise                Necr           0%         1d4       82%         1
 Confusing Touch          Hex            0%         N/A       99%         3
 Vampiric Draining        Necr           0%         2d6       99%         3
 Dispel Undead            Necr           0%         3d6       100%        4
 Martyr's Knell           Necr/Summ      0%         N/A       100%        4
 Curse of Agony           Necr           0%         N/A       100%        5


Dungeon Overview and Level Annotations

Branches:
Dungeon (6/15)
 Temple: D:4-7

Altars:
Lugonu

Shops:
D:4 *

Annotations:
D:6 Maggie


Innate Abilities, Weirdness & Mutations

You have a pair of horns on your head.
You reflexively headbutt those who attack you in melee.


Message History

You completely miss Maggie.
Maggie is lightly wounded.
Maggie misses you. You furiously retaliate!
You headbutt Maggie!
Maggie hits you with a +3 scimitar of flaming!
Maggie burns you.
You thump Maggie!
Maggie is heavily wounded.
Maggie says, "Leave now, and tell all of Maggie's mercy!"
You block Maggie's attack.
You hit Maggie but do no damage.
Maggie is heavily wounded.
Maggie hits you with a +3 scimitar of flaming.
Maggie burns you.
You closely miss Maggie.
Maggie is heavily wounded.
Maggie hits you with a +3 scimitar of flaming.
Maggie burns you. Maggie completely misses you.
You barely miss Maggie.
Maggie is heavily wounded.
Maggie casts a spell at you. The bolt of fire hits you!
* * * LOW HITPOINT WARNING * * *
You hit Maggie. You headbutt Maggie!
Maggie is severely wounded.
You break out of your daze.
Maggie hits you but does no damage. You block Maggie's attack.
You hit Maggie.
Maggie is severely wounded.
Maggie casts a spell at you. The bolt of fire hits you!
* * * LOW HITPOINT WARNING * * *
You barely miss Maggie.
Maggie is severely wounded.
Maggie closely misses you.
Okay, then.
You hit Maggie. You headbutt Maggie!
Maggie is almost dead.
Maggie points at you and mumbles some strange words.
The bolt of fire hits you!!
You die...

.# .# .# .# .# .#
############
#........## #########
#.#####.#.###.@@....#
#.####.###.##.#####.#
#.##..## ##.#.#
##.##.#.###.##.#
#........#.###.##
##.#.#..#........#
##.#.#..#.#####.##
.#......#.#.....#
......#.#.#.....#


You could see Maggie.

Vanquished Creatures
  Grinder (D:3)
  Sigmund (D:2)
  A black bear (D:6)
  An ice beast (D:6)
  2 ogres (D:4)
  A phantom (D:5)
  A scorpion (D:5)
  2 howler monkeys (D:4)
  3 bombardier beetles
  Crazy Yiuf (D:5)
  2 jellies (D:3)
  2 orc priests
  3 gnoll boudas (D:4)
  6 hounds
  Jessica (D:2)
  Terence (D:2)
  Natasha (thrice) (D:3)
  2 iguanas
  5 orc wizards
  21 gnolls
  8 adders
  A white imp (D:4)
  6 ufetubi
  2 ribbon worms
  3 dart slugs
  22 orcs
  6 ball pythons
  7 bats
  13 endoplasms
  5 giant cockroaches
  7 goblins
  3 hobgoblins (D:1)
  15 jackals
  4 quokkas
  2 frilled lizards (D:1)
  15 kobolds
  8 rats
187 creatures vanquished.

Notes
Turn   | Place    | Note
-------+----------+-------------------------------------------
     0 | D:1      | javelincjr the Minotaur Fighter began the quest for the
                  | Orb.
     0 | D:1      | Reached XP level 1. HP: 19/19 MP: 0/0
   283 | D:1      | Reached XP level 2. HP: 5/27 MP: 1/1
   488 | D:1      | Found a faded altar of an unknown god.
   498 | D:1      | Reached skill level 4 in Fighting
   516 | D:1      | Prayed at the altar of an unknown god.
   516 | D:1      | Became a worshipper of Lugonu the Unformed
   516 | D:1      | Reached * piety under Lugonu
   861 | D:1      | Reached XP level 3. HP: 33/33 MP: 2/2
  1054 | D:2      | Reached skill level 1 in Axes
  1127 | D:2      | Reached XP level 4. HP: 32/40 MP: 3/3
  1176 | D:2      | Noticed Jessica
  1180 | D:2      | Killed Jessica
  1298 | D:2      | Noticed Sigmund
  1310 | D:2      | Killed Sigmund
  1311 | D:2      | Reached XP level 5. HP: 28/47 MP: 4/4
  1311 | D:2      | Reached XP level 6. HP: 33/55 MP: 5/5
  1410 | D:2      | Reached skill level 5 in Fighting
  1414 | D:2      | Reached ** piety under Lugonu
  1489 | D:2      | Noticed Terence
  1496 | D:2      | Killed Terence
  1497 | D:2      | Reached skill level 5 in Armour
  1497 | D:2      | Reached skill level 5 in Shields
  2594 | D:3      | Noticed Natasha
  2599 | D:3      | Killed Natasha
  2704 | D:3      | Noticed Natasha
  2710 | D:3      | Killed Natasha
  2746 | D:3      | Noticed Grinder
  2755 | D:3      | Reached skill level 1 in Dodging
  2809 | D:3      | Killed Grinder
  2810 | D:3      | Reached skill level 1 in Invocations
  2810 | D:3      | Reached skill level 1 in Shapeshifting
  2810 | D:3      | Reached XP level 7. HP: 3/62 MP: 5/7
  3021 | D:3      | Noticed Natasha
  3034 | D:3      | Killed Natasha
  3144 | D:3      | Reached skill level 6 in Fighting
  3592 | D:4      | Reached *** piety under Lugonu
  4020 | D:4      | Found Fuqa's General Store.
  4175 | D:4      | Reached XP level 8. HP: 71/71 MP: 8/8
  4201 | D:4      | Reached skill level 7 in Fighting
  4575 | D:4      | Reached **** piety under Lugonu
  5034 | D:5      | Entered Level 5 of the Dungeon
  5126 | D:5      | Reached skill level 1 in Unarmed Combat
  5196 | D:5      | Found a runed translucent door.
  5197 | D:5      | Noticed Crazy Yiuf
  5208 | D:5      | Killed Crazy Yiuf
  5340 | D:5      | Reached skill level 5 in Dodging
  5702 | D:5      | Reached skill level 8 in Fighting
  6008 | D:6      | Reached XP level 9. HP: 76/81 MP: 10/10
  6418 | D:6      | Noticed Maggie
  6434 | D:6      | Killed from afar by Maggie

Illustrated notes

Levels and vault maps discovered:
D:1:      dpeg_arrival_brainrot, layout_basic, dreamdust_ecumenical_altar_grove
D:2:      layout_basic, uniq_terence, uniq_jessica, uniq_sigmund
D:3:      cheibrodos_fertilizer, layout_loops_ring, uniq_natasha, uniq_grinder
D:4:      lemuel_castle_with_subvaults [lemuel_castle_interior_carwin_3],
          layout_basic, serial_shops, shop, minmay_checkerbox
D:5:      layout_gridville, uniq_crazy_yiuf_cottage
D:6:      layout_loops_cross, st_stairs_14, hangedman_abyss_or_decor_stagger,
          uniq_maggie

Skill      XL: |  1  2  3  4  5  6  7  8 |
---------------+-------------------------+-----
Fighting       | 4 5 6 8 |  8.3
Armour         | 4 5 |  5.0
Shields        | 4 5 |  5.0
Polearms       | 3 4 |  4.1
Axes           | 1 2 |  2.8
Dodging        | 2 3 5 |  5.5
Invocations    | 1 2 3 |  3.6
Shapeshifting  | 1 2 3 |  3.8
Unarmed Combat | 2 |  2.2

Action                     |  1- 3 |  4- 6 |  7- 9 || total
---------------------------+-------+-------+-------++-------
  Melee: Trident           |    35 |       |       ||    35
         War axe           |    41 |    92 |   224 ||   357
         Headbutt          |     7 |    13 |    66 ||    86
         Mace              |       |       |    91 ||    91
  Throw: Boomerang         |       |     2 |     3 ||     5
    Use: Scroll            |       |       |     4 ||     4
 Armour: Scale mail        |    41 |    78 |   263 ||   382
  Dodge: Dodged            |    27 |    50 |   167 ||   244
  Block: Buckler           |     6 |    31 |    77 ||   114

Table legend: (Time is in decaauts)
 A = Elapsed time spent in this place.
 B = Non-inter-level travel time spent in this place.
 C = Inter-level travel time spent in this place.
 D = Time resting spent in this place.
 E = Time spent auto-exploring this place.
 F = Levels seen in this place.
 G = Mean time per level.
                   A        B        C        D        E       F      G
               +--------+--------+--------+--------+--------+-----+--------+
         Total |   6605 |   6264 |    341 |    196 |   4720 |   6 | 1100.8 |
       Dungeon |   6605 |   6264 |    341 |    196 |   4720 |   6 | 1100.8 |
               +--------+--------+--------+--------+--------+-----+--------+

Top non-repeatable levels by time:
     D:4: 1572 daAuts
     D:2: 1250 daAuts
     D:3: 1222 daAuts
     D:1: 1123 daAuts
     D:5: 949 daAuts
     D:6: 487 daAuts
